 Dungeon Crawl Stone Soup version 0.29.1-1-gd02db6906a (webtiles) character file.

Game seed: 5447365223550270258

3512 fireball365 the Cleaver (level 9, -1/79 HPs)
             Began as a Minotaur Fighter on Oct 8, 2022.
             Was an Initiate of Gozag.
             Slain by a two-headed ogre
             ... wielding a +0 giant club
              (16 damage)
             ... on level 10 of the Dungeon.
             The game lasted 00:33:58 (7219 turns).

fireball365 the Cleaver (Minotaur Fighter)          Turns: 7219, Time: 00:33:59

Health: -1/79      AC: 19    Str: 22    XL:     9   Next: 81%
Magic:  0/8        EV:  9    Int:  9    God:    Gozag
Gold:   635        SH:  0    Dex:  9    Spells: 8/8 levels left

rFire   . . .      SeeInvis .   E - +2 battleaxe (protect)
rCold   . . .      Faith    .   (shield currently unavailable)
rNeg    . . .      Spirit   +   a - +0 chain mail
rPois   +          Reflect  .   (helmet restricted)
rElec   .          Harm     .   (no cloak)
rCorr   .          Rampage  .   (no gloves)
Will    +....                   (no boots)
Stlth   ..........              f - amulet of guardian spirit
HPRegen 0.23/turn               F - ring of poison resistance
MPRegen 0.11/turn               b - ring of willpower

@: about to teleport, gold aura, under a protective aura
A: horns 2, retaliatory headbutt, beak, shaggy fur 1
a: Renounce Religion, Potion Petition, Call Merchant, Bribe Branch


You were on level 10 of the Dungeon.
You worshipped Gozag.
Gozag was pleased with you.
You visited 2 branches of the dungeon, and saw 9 of its levels.

You collected 817 gold pieces.
You spent 123 gold pieces at shops.
You paid 59 gold pieces to Gozag.

Inventory:

Hand Weapons
 d - a +2 eveningstar of draining
 v - a +2 mace of holy wrath
 B - a +0 morningstar
 E - a +2 battleaxe of protection (weapon)
Missiles
 j - 6 javelins
 m - 39 stones (quivered)
 t - 2 datura-tipped darts
 x - 9 poisoned darts
 y - 6 boomerangs
Armour
 a - a +0 chain mail (worn)
 c - a +0 buckler
 k - an orb of light
 r - a +0 ring mail of willpower
 A - a +0 leather armour of poison resistance
 D - a +1 ring mail of fire resistance
Jewellery
 b - a ring of willpower (right hand)
 f - an amulet of guardian spirit (around neck)
 n - a ring of protection from fire
 F - a ring of poison resistance (left hand)
Scrolls
 e - a scroll of identify
 g - a scroll of fear
 i - a scroll of summoning
 l - 5 scrolls of teleportation
 o - 2 scrolls of brand weapon
 p - a scroll of amnesia
 u - a scroll of fog
 z - 2 scrolls of blinking
Potions
 q - 2 potions of flight
 s - 2 potions of degeneration
 w - a potion of attraction


   Skills:
 + Level 7.5 Fighting
 + Level 3.7 Long Blades
 + Level 10.0(10.3) Axes
 + Level 3.8(7.4) Maces & Flails
 + Level 9.4 Armour
 + Level 3.6 Dodging
 + Level 2.3 Stealth
 + Level 4.5 Shields


You had 8 spell levels left.
You didn't know any spells.
Your spell library contained the following spells:

 Spells                   Type           Power      Damage    Failure   Level
 Slow                     Hex            0%         N/A       94%         1
 Call Canine Familiar     Summ           0%         N/A       100%        3
 Confusing Touch          Hex            0%         N/A       100%        3
 Portal Projectile        Hex/Tloc       0%         N/A       100%        3
 Vampiric Draining        Necr           0%         2d6       100%        3
 Leda's Liquefaction      Hex/Erth       0%         N/A       100%        4
 Borgnjor's Vile Clutch   Necr/Erth      0%         N/A       100%        5
 Death Channel            Necr           0%         N/A       100%        6
 Malign Gateway           Summ/Tloc      0%         N/A       100%        7
 Summon Horrible Things   Summ           0%         N/A       100%        8
 Animate Dead             Necr           Unusable   N/A       N/A         4

Dungeon Overview and Level Annotations

Branches:
Dungeon (10/15)            Temple (1/1) D:6
   Lair: D:8-11         Orc: D:9-12

Altars:
Dithmenos
Elyvilon
Fedhas
Gozag
Kikubaaqudgha
Nemelex Xobeh
Okawaru
Qazlal
Sif Muna
Vehumet
Xom
Yredelemnul
The Shining One

Shops:
D:1 !   D:5 ?   D:6 :


Innate Abilities, Weirdness & Mutations

You have a pair of horns on your head.
You reflexively headbutt those who attack you in melee.
You have a beak for a mouth.
You are covered in fur. (AC +1)


Message History

Things that are here:
a +0 dire flail; a +0 giant spiked club
Things that are here:
a +0 dire flail; a +0 giant spiked club
Okay, then.
A killer bee and a two-headed ogre come into view.
The killer bee buzzes angrily.
The two-headed ogre shouts in stereo!
A killer bee comes into view. x2
The killer bee buzzes angrily. x2
You closely miss the two-headed ogre.
Your headbutt misses the two-headed ogre.
You peck the two-headed ogre.
The two-headed ogre is lightly wounded.
The two-headed ogre hits you with a +0 giant club!
The two-headed ogre hits you with a +0 giant club!!
You barely miss the two-headed ogre.
Your headbutt misses the two-headed ogre.
You peck the two-headed ogre.
The two-headed ogre is lightly wounded.
The two-headed ogre misses you.
The two-headed ogre hits you with a +0 giant club!
You barely miss the two-headed ogre.
The two-headed ogre is lightly wounded.
The two-headed ogre closely misses you.
The two-headed ogre hits you but does no damage.
You hit the two-headed ogre.
Your weapon exudes an aura of protection.
Your headbutt misses the two-headed ogre.
You peck the two-headed ogre.
The two-headed ogre is lightly wounded.
The two-headed ogre hits you with a +0 giant club. x2
* * * LOW HITPOINT WARNING * * *
As you read the scroll of teleportation, it crumbles to dust.
You feel strangely unstable.
The two-headed ogre attacks as you move away!
The two-headed ogre hits you with a +0 giant club!
* * * LOW HITPOINT WARNING * * *
The two-headed ogre hits you with a +0 giant club!
You die...
Your body crumbles into a pile of gold.

#######.. $
##@Oyyy... #..
##..######.
##..##..##
...#.#..## $
#......#####
#..#..#.#...# #
###.###.#.....#
#####....
#.#.....#
.##...#
#...#####


You could see a two-headed ogre and 3 killer bees.

Vanquished Creatures
  A two-headed ogre (D:10)
  Urug (D:10)
  A shadow (D:10)
  3 yaks (D:10)
  Menkaure (D:6)
  An orc warrior (D:6)
  An ogre (D:6)
  3 phantoms
  A bullfrog (D:6)
  3 scorpions
  4 howler monkeys
  4 hounds
  A jelly (D:4)
  3 orc priests
  2 iguanas
  4 orc wizards
  Natasha (twice) (D:4)
  5 gnolls
  11 adders
  2 shadow imps (D:6)
  The ghost of nshep25 the Sneak, a weakling HuDe (D:6)
  4 dart slugs
  17 orcs
  7 endoplasms
  4 giant cockroaches
  5 hobgoblins
  2 jackals (D:4)
  4 kobolds
  4 quokkas
  10 ball pythons
  6 bats
  2 frilled lizards
  10 goblins
  A rat (D:1)
131 creatures vanquished.

Vanquished Creatures (collateral kills)
  A wraith (D:10)
1 creature vanquished.

Vanquished Creatures (others)
  4 plants (D:5)
4 creatures vanquished.

Grand Total: 136 creatures vanquished

Notes
Turn   | Place    | Note
-------+----------+-------------------------------------------
     0 | D:1      | fireball365 the Minotaur Fighter began the quest for the
                  | Orb.
     0 | D:1      | Reached XP level 1. HP: 19/19 MP: 0/0
   155 | D:1      | Reached XP level 2. HP: 25/27 MP: 1/1
   547 | D:1      | Found Cechedise's Distillery.
   595 | D:1      | Found a faded altar of an unknown god.
   614 | D:1      | Prayed at the altar of an unknown god.
   614 | D:1      | Became a worshipper of the Shining One
   614 | D:1      | Reached * piety under the Shining One
   644 | D:1      | Reached XP level 3. HP: 29/33 MP: 2/2
  1114 | D:2      | Reached skill level 1 in Dodging
  1423 | D:2      | Found a glowing golden altar of the Shining One.
  1465 | D:2      | Reached XP level 4. HP: 40/40 MP: 3/3
  1676 | D:2      | Gained mutation: You are weak. (Str -2) [potion of
                  | mutation]
  1676 | D:2      | Gained mutation: You have large cloven feet. [potion of
                  | mutation]
  1676 | D:2      | Gained mutation: Armour fits poorly on your strangely
                  | shaped body. [potion of mutation]
  1749 | D:2      | Lost mutation: You have large cloven feet. [potion of
                  | mutation]
  1749 | D:2      | Lost mutation: Armour fits poorly on your strangely shaped
                  | body. [potion of mutation]
  1749 | D:2      | Lost mutation: You are weak. (Str -2) [potion of mutation]
  1749 | D:2      | Gained mutation: You are dopey. (Int -2) [potion of
                  | mutation]
  1749 | D:2      | Gained mutation: You expend magic power (3 MP) to
                  | strengthen your wands. [potion of mutation]
  2954 | D:4      | Reached XP level 5. HP: 46/46 MP: 4/4
  2973 | D:4      | Reached skill level 1 in Maces & Flails
  2973 | D:4      | Reached skill level 5 in Armour
  3007 | D:4      | Lost mutation: You are dopey. (Int -2) [potion of mutation]
  3007 | D:4      | Lost mutation: You expend magic power (3 MP) to strengthen
                  | your wands. [potion of mutation]
  3007 | D:4      | Gained mutation: You expend magic power (3 MP) to
                  | strengthen your wands. [potion of mutation]
  3007 | D:4      | Gained mutation: You have a beak for a mouth. [potion of
                  | mutation]
  3007 | D:4      | Lost mutation: You expend magic power (3 MP) to strengthen
                  | your wands. [potion of mutation]
  3007 | D:4      | Gained mutation: You are covered in fur. (AC +1) [potion of
                  | mutation]
  3160 | D:4      | Found an opulent altar of Gozag.
  3200 | D:4      | Fell from the grace of the Shining One
  3200 | D:4      | Became a worshipper of Gozag Ym Sagoz the Greedy
  3202 | D:4      | Noticed a phantom
  3229 | D:4      | Killed a phantom
  3385 | D:4      | Noticed Natasha
  3392 | D:4      | Killed Natasha
  3393 | D:4      | Reached XP level 6. HP: 42/53 MP: 5/5
  3456 | D:4      | Noticed Natasha
  3472 | D:4      | Killed Natasha
  3925 | D:4      | Reached skill level 5 in Fighting
  3949 | D:4      | Reached XP level 7. HP: 31/61 MP: 6/6
  4700 | D:5      | Entered Level 5 of the Dungeon
  4705 | D:5      | Reached skill level 1 in Axes
  4730 | D:5      | Found a blossoming altar of Fedhas.
  4995 | D:5      | Reached skill level 2 in Axes
  5050 | D:5      | Reached skill level 3 in Axes
  5069 | D:5      | Found Berghoy's Magic Scroll Shoppe.
  5079 | D:5      | Bought a scroll of brand weapon for 123 gold pieces
  5207 | D:5      | Reached skill level 1 in Stealth
  5377 | D:6      | Reached skill level 4 in Axes
  5377 | D:6      | Reached XP level 8. HP: 49/70 MP: 5/7
  5619 | D:6      | Found Fujohoto's Book Boutique.
  5698 | D:6      | Found a staircase to the Ecumenical Temple.
  5706 | Temple   | Entered the Ecumenical Temple
  5890 | D:6      | Noticed Menkaure
  5899 | D:6      | Killed Menkaure
  5900 | D:6      | Reached skill level 5 in Axes
  5908 | D:6      | Found a runed translucent gate.
  5908 | D:6      | Found a runed translucent gate.
  5908 | D:6      | Found a runed translucent gate.
  5930 | D:6      | Noticed nshep25's ghost (weakling HuDe)
  5941 | D:6      | Killed nshep25's ghost
  6138 | D:6      | Reached skill level 6 in Axes
  6324 | D:7      | You fall into a shaft and drop 3 floors!
  6324 | D:10     | Entered Level 10 of the Dungeon
  6547 | D:10     | Reached skill level 7 in Axes
  6645 | D:10     | Found a stormy altar of Qazlal.
  6752 | D:10     | Reached XP level 9. HP: 67/78 MP: 8/8
  6758 | D:10     | Reached skill level 8 in Axes
  6883 | D:10     | Noticed Urug
  6909 | D:10     | Killed Urug
  6910 | D:10     | Reached skill level 9 in Axes
  7190 | D:10     | Noticed a two-headed ogre
  7198 | D:10     | Killed a two-headed ogre
  7199 | D:10     | Reached skill level 10 in Axes
  7211 | D:10     | Noticed a two-headed ogre
  7219 | D:10     | Slain by a two-headed ogre

Illustrated notes

Levels and vault maps discovered:
D:1:      saegor_arrival_simple_d, layout_rooms, serial_shops,
          nicolae_shop_hallway_stairs, shapermc_ecumenical_altar_notcrosses,
          dk_noncrumbling_2, dk_noncrumbling_3, kennysheep_doodads
D:2:      layout_loops_cross, basic_altar
D:3:      layout_basic
D:4:      minmay_general_purpose_star, layout_basic,
          nicolae_gozag_cash_rules_everything_around_me, minmay_between,
          uniq_natasha
D:5:      layout_rooms, fedhas_altar_1, serial_shops, shop
D:6:      layout_loops_ring, minmay_temple_entry_arrows,
          ebering_ghost_rock_garden, serial_shops, kennysheep_mini,
          uniq_menkaure
D:7:      minmay_slanted_spiral_squares, layout_basic,
          mainiacjoe_overflow_concentric_impassable,
          grunt_temple_overflow_octagram, nicolae_ossuary_entry_giza
D:10:     layout_rooms, nicolae_qazlal_general_emergency,
          grunt_decor_one_mirror, hangedman_abyss_or_decor_stagger, uniq_urug
Temple:   dpeg_three_leaves_temple

Skill      XL: |  1  2  3  4  5  6  7  8  9 |
---------------+----------------------------+-----
Armour         | 4 5 6 7 8 9 |  9.4
Long Blades    | 3 |  3.7
Shields        | 4 |  4.5
Fighting       | 4 5 6 7 |  7.5
Dodging        | 1 2 3 |  3.6
Maces & Flails | 2 3 |  3.8
Axes           | 4 7 10 | 10.0
Stealth        | 1 2 |  2.3

Action                   |  1- 3 |  4- 6 |  7- 9 || total
-------------------------+-------+-------+-------++-------
Melee: Long sword        |    61 |       |       ||    61
       Headbutt          |     8 |    13 |    28 ||    49
       Mace              |       |    83 |       ||    83
       Peck              |       |    13 |    27 ||    40
       Battleaxe         |       |    30 |   172 ||   202
Throw: Stone             |       |     1 |       ||     1
  Use: Potion            |       |     4 |     6 ||    10
       Scroll            |       |       |    15 ||    15
 Stab: Distracted        |       |       |     3 ||     3
Armor: Scale mail        |    66 |    74 |     7 ||   147
       Chain mail        |       |       |    96 ||    96
Dodge: Dodged            |    50 |    65 |   105 ||   220
Block: Buckler           |    30 |    22 |       ||    52
